 Dungeon Crawl Stone Soup version 0.22.1-6-g1668fe2c40 (webtiles) character file.

59 Rix the Charmwright (level 4, -3/38 HPs)
             Began as a Gnoll Skald on Jan 27, 2019.
             Was a Follower of Yredelemnul.
             Killed from afar by an orc wizard (6 damage)
             ... with a magic dart
             ... on level 3 of the Dungeon.
             The game lasted 00:14:57 (2310 turns).

Rix the Charmwright (Gnoll Skald)                   Turns: 2310, Time: 00:14:59

Health: -3/38      AC:  5    Str: 18    XL:     4   Next: 3%
Magic:  3/11       EV: 14    Int: 16    God:    Yredelemnul [*.....]
Gold:   63         SH:  0    Dex: 15    Spells: 8/13 levels left

rFire    . . .     SeeInvis .   f - -3 dagger (curse)
rCold    . . .     Gourm    .   (no shield)
rNeg     . . .     Faith    .   b - +1 leather armour
rPois    .         Spirit   .   (no helmet)
rElec    .         Reflect  .   (no cloak)
rCorr    .         Harm     .   p - +0 pair of gloves
MR       .....                  (no boots)
Stlth    ++........             (no amulet)
HPRegen  0.12/turn              (no ring)
MPRegen  0.12/turn              (no ring)

@: mighty, infused, singing
A: distributed training, fangs 1, strong nose
a: Animate Remains, Renounce Religion


You were on level 3 of the Dungeon.
You worshipped Yredelemnul.
Yredelemnul was aware of your devotion.
You were very hungry.

You visited 1 branch of the dungeon, and saw 3 of its levels.

You collected 63 gold pieces.

Inventory:

Hand Weapons
 a - a +0 hand axe
 e - a +0 dagger
 f - a cursed -3 dagger (weapon)
 g - a +0 spear
 h - a +0 dagger
 k - a +0 dagger
 o - a +0 dagger
 s - a +0 short sword
 t - a +0 short sword
 v - a +0 hunting sling
Missiles
 c - 77 stones (quivered)
 m - 35 bolts
Armour
 b - a +1 leather armour (worn)
 i - a +0 robe
 l - a +0 plate armour
 p - a +0 pair of gloves (worn)
 r - a +0 pair of gloves
Scrolls
 j - a scroll of magic mapping
 u - a scroll of teleportation
Comestibles
 d - a ration


   Skills:
 + Level 4.6 Fighting
 + Level 1.0 Short Blades
 + Level 1.0 Long Blades
 + Level 4.6 Axes
 + Level 1.0 Maces & Flails
 + Level 1.0 Polearms
 + Level 1.0 Staves
 + Level 1.0 Slings
 + Level 1.0 Bows
 + Level 1.0 Crossbows
 + Level 1.0 Throwing
 + Level 2.7 Armour
 + Level 4.6 Dodging
 + Level 1.0 Stealth
 + Level 1.0 Shields
 + Level 1.0 Unarmed Combat
 + Level 5.0 Spellcasting
 + Level 0.7 Conjurations
 + Level 0.7 Hexes
 + Level 5.4 Charms
 + Level 0.7 Summonings
 + Level 0.7 Necromancy
 + Level 0.7 Translocations
 + Level 0.7 Transmutations
 + Level 0.7 Fire Magic
 + Level 0.7 Ice Magic
 + Level 0.7 Air Magic
 + Level 0.7 Earth Magic
 + Level 0.7 Poison Magic
 + Level 1.1 Invocations
 + Level 1.0 Evocations


You had 8 spell levels left.
You knew the following spells:

 Your Spells              Type           Power        Failure   Level  Hunger
a - Infusion              Chrm           ###.         1%          1    None
b - Song of Slaying       Chrm           ###.....     3%          2    #......
c - Shroud of Golubria    Chrm/Tloc      ##........   8%          2    #......

Your spell library contained the following spells:

 Spells                   Type           Power        Failure   Level  Hunger
 Regeneration             Chrm/Necr      ##........   16%         3    ###....
 Spectral Weapon          Hex/Chrm       ##......     16%         3    ###....


Dungeon Overview and Level Annotations

Branches:
Dungeon (3/15)

Altars:
Yredelemnul

Annotations:
D:3 Jessica, Terence


Innate Abilities, Weirdness & Mutations

Your experience applies equally to all skills.
You have very sharp teeth.
Your uncanny sense of smell can sniff out nearby items.


Message History

You feel very mighty all of a sudden.
The orc wizard mumbles some strange words.
The orc wizard blinks!
The orc priest calls down the wrath of Beogh upon you.
Beogh smites you! The orc wizard hits you with a dagger.
* * * LOW HITPOINT WARNING * * *
You hit the orc priest.
The orc priest is almost dead.
Jessica shouts, "I don't like beings like you!"
The orc priest calls down the wrath of Beogh upon you.
Pain shoots through your body!
* * * LOW HITPOINT WARNING * * *
The orc wizard hits you but does no damage.
You barely miss the orc priest.
The orc priest is almost dead.
The orc priest hits you but does no damage.
The orc wizard casts a spell at you. The magic dart hits you!
You die...
Your body rises from the dead as a mindless zombie.

#) .#
######.#.####.#
...........b...
######..#####.@ ∆
########.#########
.........#<.......
#.#######...########
....@ooo#.#.#
#@#'#.## #.§....#
∆#....#.# +....#.#
##.o.#.. #...##.
#...# ∆ #...# ∆
##+##


You could see an orc priest, 2 orc wizards, Jessica and an orc.

Vanquished Creatures
  3 oozes
  A worm (D:2)
  A dart slug (D:2)
  A leopard gecko (D:1)
  An orc (D:3)
  3 giant cockroaches
  3 goblins (D:1)
  A hobgoblin (D:1)
  7 jackals (D:1)
  6 kobolds
  A ball python (D:1)
  3 bats
  3 frilled lizards
  5 rats
39 creatures vanquished.

Vanquished Creatures (others)
  A kobold zombie (D:2)
1 creature vanquished.

Grand Total: 40 creatures vanquished

Notes
Turn   | Place    | Note
-------+----------+-------------------------------------------
     0 | D:1      | Rix the Gnoll Skald began the quest for the Orb.
     0 | D:1      | Reached XP level 1. HP: 20/20 MP: 6/6
    49 | D:1      | Reached XP level 2. HP: 22/26 MP: 2/7
    53 | D:1      | Learned a level 2 spell: Song of Slaying
    56 | D:1      | Learned a level 2 spell: Shroud of Golubria
   236 | D:1      | Reached XP level 3. HP: 29/31 MP: 9/9
   321 | D:1      | Reached skill level 5 in Spellcasting
  1162 | D:2      | Reached skill level 1 in Invocations
  1556 | D:2      | Found a faded altar of an unknown god.
  1560 | D:2      | Became a worshipper of Yredelemnul the Dark
  1560 | D:2      | Reached * piety under Yredelemnul
  1844 | D:2      | Reached skill level 1 in Short Blades
  1844 | D:2      | Reached skill level 1 in Long Blades
  1844 | D:2      | Reached skill level 1 in Maces & Flails
  1844 | D:2      | Reached skill level 1 in Polearms
  1844 | D:2      | Reached skill level 1 in Staves
  1844 | D:2      | Reached skill level 1 in Slings
  1844 | D:2      | Reached skill level 1 in Bows
  1844 | D:2      | Reached skill level 1 in Crossbows
  1844 | D:2      | Reached skill level 1 in Throwing
  1844 | D:2      | Reached skill level 1 in Stealth
  1844 | D:2      | Reached skill level 1 in Shields
  1844 | D:2      | Reached skill level 1 in Unarmed Combat
  1844 | D:2      | Reached skill level 1 in Evocations
  2034 | D:2      | Reached XP level 4. HP: 38/38 MP: 1/11
  2284 | D:3      | Noticed Terence
  2303 | D:3      | Noticed Jessica
  2310 | D:3      | Killed from afar by an orc wizard

Skill      XL: |  1  2  3 |
---------------+----------+-----
Spellcasting   | 5 |  5.0
Invocations    | 1 |  1.1
Short Blades   | 1 |  1.0
Long Blades    | 1 |  1.0
Maces & Flails | 1 |  1.0
Polearms       | 1 |  1.0
Staves         | 1 |  1.0
Slings         | 1 |  1.0
Bows           | 1 |  1.0
Crossbows      | 1 |  1.0
Throwing       | 1 |  1.0
Stealth        | 1 |  1.0
Shields        | 1 |  1.0
Unarmed Combat | 1 |  1.0
Evocations     | 1 |  1.0
Fighting       | |  4.6
Axes           | |  4.6
Armour         | |  2.7
Dodging        | |  4.6
Conjurations   | |  0.7
Hexes          | |  0.7
Charms         | |  5.4
Summonings     | |  0.7
Necromancy     | |  0.7
Translocations | |  0.7
Transmutations | |  0.7
Fire Magic     | |  0.7
Ice Magic      | |  0.7
Air Magic      | |  0.7
Earth Magic    | |  0.7
Poison Magic   | |  0.7

Action                   |  1- 3 |  4- 6 || total
-------------------------+-------+-------++-------
Melee: Hand axe          |    31 |       ||    31
       Spear             |    24 |       ||    24
       Bite              |    22 |     1 ||    23
       Dagger            |    84 |    10 ||    94
       Punch             |     1 |       ||     1
 Cast: Infusion          |    14 |     3 ||    17
       Song of Slaying   |     4 |     1 ||     5
       Shroud of Golubri |     4 |       ||     4
Invok: Animate Remains   |     1 |       ||     1
  Use: Scroll            |     3 |     3 ||     6
       Potion            |       |     1 ||     1
 Stab: Sleeping          |     1 |       ||     1
  Eat: Chunk             |     4 |       ||     4
Armor: Leather armour    |    41 |     5 ||    46
Dodge: Dodged            |   116 |     7 ||   123
